AoeStats
← ArcherSC

Nomad

505084166Analyzed
3v3 RM · 25d ago on Sep 7, 2026· 58m 39s· 6 players
Game mode
Random Map
Map size
210×210
Population
200
Speed
Normal
Resources
Standard
Victory
Conquest
Starting age
Dark Age
Ending age
Imperial Age
RankedLock teamsTeams togetherTeam positionsShared explorationLock speedFull tech treeHidden civsTurbo modeCheats
Victory
Defeat
🇨🇦 Lithuanians · Canada
1151
+13
🇨🇭 Vikings · Switzerland
1123
+14
🇺🇸 Koreans · United States
1115
+14
🇭🇺 Lithuanians · Hungary
1080
-14
🇦🇷 Franks · Argentina
1077
-14
🇷🇴 Georgians · Romania
1064
-13
TiraFlechas1861
4:57 Loom
5:04 Loom
13:20 Feudal Age
16:26 Double-Bit Axe
17:27 Forging
17:23 Scale Barding Armor
20:46 Wheelbarrow
24:03 Castle Age
24:45 Stone Mining
24:45 Gold Mining
25:15 Bow Saw
27:48 Chain Barding Armor
28:03 Iron Casting
27:46 Hand Cart
28:57 Gold Shaft Mining
30:24 Fletching
31:38 Bodkin Arrow
33:33 Scale Mail Armor
38:14 Imperial Age
39:09 Husbandry
40:22 Town Watch
42:02 Blast Furnace
41:41 Plate Barding Armor
41:21 Chain Mail Armor
41:51 Conscription
42:40 Cavalier
46:59 Elite Throwing Axeman
48:02 Pikeman
48:42 Squires
48:28 Arson
49:49 Chain Mail Armor
51:44 Halberdier
57:10 Light Cavalry
Balint4321
15:29 Feudal Age
19:37 Castle Age
17:21 Fishing Lines
17:58 Scale Barding Armor
17:51 Horse Collar
19:03 Bloodlines
19:25 Forging
19:35 Gold Mining
19:50 Double-Bit Axe
20:00 Loom
21:10 Bow Saw
22:33 Husbandry
23:31 Heavy Plow
25:44 Chain Barding Armor
26:39 Stone Mining
29:01 Iron Casting
32:35 Fletching
33:59 Wheelbarrow
33:10 Town Watch
43:20 Imperial Age
41:13 Ballistics
41:00 Bodkin Arrow
41:28 Light Cavalry
43:46 Cavalier
45:17 Conscription
45:24 Conscription
45:47 Crop Rotation
46:19 Two-Man Saw
46:31 Chemistry
45:41 Fortified Wall
45:28 Murder Holes
46:15 Plate Barding Armor
46:16 Paladin
47:38 Caravan
50:50 Hill Forts
53:06 Winged Hussar
54:45 Bombard Tower
54:36 Bracer
54:37 Padded Archer Armor
ArcherSC
18:19 Feudal Age
19:27 Double-Bit Axe
19:34 Gold Mining
20:34 Horse Collar
22:51 Bloodlines
26:23 Castle Age
30:04 Light Cavalry
35:10 Wheelbarrow
38:36 Forging
41:32 Scale Barding Armor
AoeAuthority.com
4:51 Loom
14:42 Feudal Age
16:47 Double-Bit Axe
20:18 Castle Age
19:49 Scale Mail Armor
20:20 Arson
20:26 Pikeman
27:09 Squires
28:02 Bow Saw
28:28 Chain Mail Armor
29:45 Ballistics
29:18 Fletching
29:35 Scale Barding Armor
31:36 Horse Collar
33:15 Heavy Plow
33:19 Fishing Lines
39:06 Imperial Age
38:01 Wheelbarrow
39:47 Town Watch
39:36 Elite Fire Lancer
41:21 Gold Mining
43:11 Halberdier
44:04 Bodkin Arrow
45:13 Chemistry
44:35 Hand Cart
45:41 Plate Mail Armor
47:40 Forging
47:34 Town Patrol
53:40 Iron Casting
58:02 Eupseong
Lumi.S
9:06 Loom
12:38 Feudal Age
15:46 Fishing Lines
21:11 Castle Age
19:24 Double-Bit Axe
23:15 Light Cavalry
23:56 Gillnets
24:54 Horse Collar
26:16 Bloodlines
26:47 Gold Mining
27:09 Bow Saw
28:12 Wheelbarrow
29:36 Scale Barding Armor
29:41 Forging
32:30 Husbandry
35:31 Chain Barding Armor
35:46 Iron Casting
36:14 Stone Mining
39:05 Imperial Age
37:40 Hand Cart
39:15 Elite Leitis
39:24 Pikeman
41:29 Stone Shaft Mining
41:15 Squires
41:01 Arson
42:57 Conscription
42:29 Cavalier
44:07 Winged Hussar
46:19 Heavy Plow
48:30 Crop Rotation
48:26 Halberdier
49:44 Plate Barding Armor
49:09 Scale Mail Armor
50:47 Tower Shields
52:48 Chemistry
54:54 Chain Mail Armor
55:05 Ballistics
57:42 Fletching
57:53 Padded Archer Armor
Meninkain
4:41 Loom
14:45 Feudal Age
14:51 Man-at-Arms
15:18 Arson
18:19 Fletching
19:28 Fishing Lines
20:29 Forging
21:37 Scale Mail Armor
29:33 Castle Age
30:42 Long Swordsman
30:44 Pikeman
31:10 Gambesons
31:54 Squires
32:46 Chain Mail Armor
37:35 Double-Bit Axe
39:52 Iron Casting
43:08 Bodkin Arrow
48:38 Imperial Age
49:17 Two-Handed Swordsman
51:24 Chemistry
52:32 Gold Mining
52:32 Stone Mining
53:54 Blast Furnace
53:22 Horse Collar
54:27 Conscription
56:45 Plate Mail Armor
57:41 Heavy Plow
58:04 Scale Barding Armor
Connection lost

Rejoining the realm…

Still unreachable

The connection could not be restored.

Session expired

The server has moved on; the page needs a fresh start.